 Dungeon Sprint DCSS version 0.31-a0-18-gea43df2a32 (webtiles) character file.

Game seed: 12580700089859147370

8441 bmack86 the Warrior (level 11, -6/117 HPs)
             Began as a Minotaur Berserker on May 11, 2023.
             Was a High Priest of Trog.
             Mangled by a ten-headed hydra (9 damage)
             ... in the Dungeon (Sprint I: "Red Sonja").
             The game lasted 00:09:16 (1693 turns).

bmack86 the Warrior (Minotaur Berserker)            Turns: 1693, Time: 00:09:17

Health: -6/117     AC:  5    Str: 25    XL:     11   Next: 9%
Magic:  10/10      EV: 12    Int:  4    God:    Trog [*****.]
Gold:   413        SH:  5    Dex: 11    Spells: 10/10 levels left

rFire   . . .        c - +6 battleaxe (flame)
rCold   . . .        (shield currently unavailable)
rNeg    . . .        j - +0 leather armour
rPois   .            (helmet restricted)
rElec   .            (no cloak)
rCorr   .            (no gloves)
SInv    .            (no boots)
Will    .....        r - amulet "Waiph" {Reflect Regen+ SH+5}
Stlth   +            (no ring)
HPRegen 1.19/turn    (no ring)
MPRegen 0.12/turn

%: no teleportation, reflection
@: on berserk cooldown, slowed, very slow
A: horns 2, retaliatory headbutt
a: Renounce Religion, Berserk, Trog's Hand, Brothers in Arms


You were in the Dungeon.
You worshipped Trog.
Trog was extremely pleased with you.
You visited 1 branch You collected 1391 gold pieces.
You spent 978 gold pieces at shops.

Inventory:

Hand Weapons
 a - a +0 hand axe
 c - a +6 battleaxe of flaming (weapon)
 l - a +4 war axe of flaming
Missiles
 k - 3 curare-tipped darts
Armour
 b - a +0 animal skin
 j - a +0 leather armour (worn)
Jewellery
 r - the amulet "Waiph" (around neck) {Reflect Regen+ SH+5}
   (You bought it in a shop in the Dungeon)

   [amulet of reflection]

   It reflects blocked missile attacks.
   Regen:     It increases your rate of health regeneration.
   SH:        It affects your SH (+5).
Wands
 i - a wand of flame (17) (quivered)
Scrolls
 h - a scroll of blinking
 m - a scroll of amnesia {unknown}
 n - 2 scrolls of identify {unknown}
 o - 2 scrolls of torment {unknown}
 p - 3 scrolls of poison {unknown}
 q - a scroll of fear {unknown}
 u - a scroll of magic mapping {unknown}
Potions
 d - 2 potions of heal wounds
 e - a potion of haste
 f - 2 potions of magic
 g - a potion of berserk rage
 s - 2 potions of flight {unknown}
 t - a potion of invisibility {unknown}
 v - 3 potions of curing


   Skills:
 + Level 17.4 Fighting
 + Level 17.4 Axes
 + Level 6.5 Throwing
 + Level 17.2 Armour
 - Level 2.1 Dodging
 - Level 8.0 Evocations


You had 10 spell levels left.
You didn't know any spells.
Your spell library was empty.

Dungeon Overview and Level Annotations

Branches:
Dungeon (1/1)

Altars:
Cheibriados
Dithmenos
Elyvilon
Fedhas
Gozag
Hepliaklqana
Kikubaaqudgha
Makhleb
Nemelex Xobeh
Okawaru
Qazlal
Ru
Sif Muna
Trog
Uskayaw
Vehumet
Wu Jian
Xom
Yredelemnul
Zin
The Shining One
Jiyva
Lugonu

Shops:
D (([*=(*[=(=***([[


Innate Abilities, Weirdness & Mutations

You have a pair of horns on your head.
You reflexively headbutt those who attack you in melee.


Message History

Things that are here:
a hog corpse; a hog corpse; a hog corpse You open the door.
A 12-headed hydra and a floating eye come into view.
The floating eye's view fixates on you. The 12-headed hydra bites you.
You block the 12-headed hydra's attack. The 12-headed hydra barely misses you.
The 12-headed hydra bites you! x2
You block the 12-headed hydra's attack. The 12-headed hydra bites you.
The 12-headed hydra bites you! The 12-headed hydra closely misses you.
You block the 12-headed hydra's attack. The 12-headed hydra bites you! x2
Found 54 gold pieces.
You chop one of the 12-headed hydra's heads off!
The flame cauterises the wound!
You slash the 11-headed hydra! You burn the 11-headed hydra.
The 11-headed hydra is lightly wounded.
The 11-headed hydra bites you! The 11-headed hydra bites you.
The 11-headed hydra barely misses you. The 11-headed hydra bites you.
The 11-headed hydra closely misses you.
The 11-headed hydra bites you but does no damage.
The 11-headed hydra bites you!
* * * LOW HITPOINT WARNING * * *
The 11-headed hydra bites you.
* * * LOW HITPOINT WARNING * * *
The 11-headed hydra bites you.
* * * LOW HITPOINT WARNING * * *
The 11-headed hydra bites you.
* * * LOW HITPOINT WARNING * * *
The 11-headed hydra bites you but does no damage.
You hack one of the 11-headed hydra's heads off!
The flame cauterises the wound!
You slash the ten-headed hydra! You burn the ten-headed hydra.
The ten-headed hydra is moderately wounded.
The ten-headed hydra bites you.
* * * LOW HITPOINT WARNING * * *
The ten-headed hydra bites you!
* * * LOW HITPOINT WARNING * * *
The ten-headed hydra bites you.
* * * LOW HITPOINT WARNING * * *
The ten-headed hydra bites you!
You die...

#####################
..#..#§...)†§§§§@DG$#
..##'#.####§..§§##$.+
..'..#§# ##.§§## ##
###.§'.# ###+#
.##+#### .# .# '###
.'.#


You could see a ten-headed hydra and a floating eye (charged).

Vanquished Creatures
  2 centaur warriors (D)
  Sonja (D)
  A deep troll (D)
  A lindwurm (D)
  An oklob plant (D)
  A demonic crawler (D)
  2 kobold demonologists (D)
  A hornet (D)
  Sigmund (D)
  A slime creature (D)
  A yak (D)
  13 hogs (D)
  2 redbacks (D)
  2 floating eyes (D)
  An ogre (D)
  2 necrophages (D)
  7 jellies (D)
  Ijyb (D)
41 creatures vanquished.

Vanquished Creatures (collateral kills)
  3 demonic crawlers (D)
  5 necrophages (D)
  A jelly (D)
9 creatures vanquished.

Vanquished Creatures (others)
  2 ballistomycete spores (D)
2 creatures vanquished.

Grand Total: 52 creatures vanquished

Notes
Turn   | Place    | Note
-------+----------+-------------------------------------------
     0 | D        | bmack86 the Minotaur Berserker began the quest for the Orb.
     0 | D        | Reached XP level 1. HP: 19/19 MP: 0/0
    12 | D        | Noticed Ijyb
    20 | D        | Killed Ijyb
    21 | D        | Reached skill level 5 in Fighting
    21 | D        | Reached skill level 5 in Axes
    21 | D        | Reached XP level 2. HP: 7/29 MP: 1/1
   110 | D        | Noticed an ogre
   115 | D        | Killed an ogre
   116 | D        | Reached XP level 3. HP: 38/38 MP: 2/2
   116 | D        | Reached XP level 4. HP: 45/45 MP: 3/3
   160 | D        | Noticed Sigmund
   167 | D        | Killed Sigmund
   167 | D        | Reached ** piety under Trog
   168 | D        | Reached XP level 5. HP: 56/56 MP: 4/4
   168 | D        | Reached XP level 6. HP: 62/62 MP: 5/5
   192 | D        | Found a burning altar of Makhleb.
   192 | D        | Found a viscous altar of Jiyva.
   192 | D        | Found a shimmering altar of Xom.
   192 | D        | Found a corrupted altar of Lugonu.
   192 | D        | Noticed a slime creature
   196 | D        | Killed a slime creature
   197 | D        | Reached skill level 5 in Evocations
   226 | D        | Found an ornate altar of the Wu Jian Council.
   226 | D        | Found a shimmering blue altar of Sif Muna.
   228 | D        | Found a radiant altar of Vehumet.
   262 | D        | Found Kituf's Antique Weapon Emporium.
   262 | D        | Found an ancient bone altar of Kikubaaqudgha.
   262 | D        | Found a hazy altar of Hepliaklqana.
   262 | D        | Found a stormy altar of Qazlal.
   262 | D        | Found a hide-covered altar of Uskayaw.
   262 | D        | Found a blossoming altar of Fedhas.
   262 | D        | Found a bloodstained altar of Trog.
   262 | D        | Found an iron altar of Okawaru.
   262 | D        | Found a basalt altar of Yredelemnul.
   262 | D        | Found a glowing golden altar of the Shining One.
   262 | D        | Found a snail-covered altar of Cheibriados.
   262 | D        | Found a sacrificial altar of Ru.
   262 | D        | Found a glowing silver altar of Zin.
   262 | D        | Found a shadowy altar of Dithmenos.
   262 | D        | Found a white marble altar of Elyvilon.
   262 | D        | Noticed a yak
   268 | D        | Killed a yak
   269 | D        | Reached skill level 10 in Fighting
   269 | D        | Reached skill level 10 in Axes
   269 | D        | Reached XP level 7. HP: 72/72 MP: 6/6
   269 | D        | Found an opulent altar of Gozag.
   270 | D        | Found a sparkling altar of Nemelex Xobeh.
   302 | D        | Noticed a kobold demonologist
   302 | D        | Noticed a kobold demonologist
   306 | D        | Reached skill level 10 in Armour
   306 | D        | Noticed a red devil
   311 | D        | Killed a kobold demonologist
   311 | D        | Reached *** piety under Trog
   317 | D        | Noticed a soul eater
   317 | D        | Killed a kobold demonologist
   318 | D        | Reached XP level 8. HP: 82/82 MP: 7/7
   384 | D        | Noticed Sonja
   388 | D        | Killed Sonja
   388 | D        | Reached **** piety under Trog
   407 | D        | Found Raess's Weapon Boutique.
   415 | D        | Bought a +4 war axe of flaming for 396 gold pieces
   572 | D        | Noticed a deep troll
   576 | D        | Killed a deep troll
   577 | D        | Reached XP level 9. HP: 93/93 MP: 8/8
   586 | D        | Found Panaph's Armour Emporium.
   625 | D        | Noticed a centaur warrior
   627 | D        | Noticed a centaur warrior
   646 | D        | Killed a centaur warrior
   649 | D        | Killed a centaur warrior
   649 | D        | Reached ***** piety under Trog
   704 | D        | Paralysed by a hornet for 1 turns
   708 | D        | Reached skill level 15 in Fighting
   708 | D        | Reached skill level 15 in Axes
   843 | D        | Noticed an oklob plant
   846 | D        | Killed an oklob plant
   847 | D        | Reached skill level 15 in Armour
   847 | D        | Reached XP level 10. HP: 106/106 MP: 9/9
   909 | D        | Received a gift from Trog
  1137 | D        | Reached skill level 1 in Throwing
  1349 | D        | Found Poqi's Assorted Antiques.
  1349 | D        | Found Kawkuttu's Antique Armour Shop.
  1349 | D        | Found Voogh's Jewellery Boutique.
  1351 | D        | Found Doujaffo's Weapon Emporium.
  1351 | D        | Found Ymix's Assorted Antiques.
  1351 | D        | Found Jireint's Armour Shoppe.
  1351 | D        | Found Jaojojel's Jewellery Boutique.
  1351 | D        | Found Wako's Weapon Emporium.
  1351 | D        | Found Quh Buty's Jewellery Shop.
  1351 | D        | Found Rizuhuteang's Assorted Antiques.
  1355 | D        | Bought the amulet "Waiph" {Reflect Regen+ SH+5} for 481
                  | gold pieces
  1360 | D        | Found Daofroni's Assorted Antiques.
  1361 | D        | Found Moakhy's Antique Weapon Emporium.
  1361 | D        | Found Uzanehut's Assorted Antiques.
  1362 | D        | Found Neodej's Antique Armour Emporium.
  1367 | D        | Bought a purple potion for 25 gold pieces
  1367 | D        | Bought a fuming coppery potion for 25 gold pieces
  1367 | D        | Bought a scroll labelled JUNTIARGHUMN for 28 gold pieces
  1368 | D        | Bought a scroll labelled QESSIW SETIOPH for 23 gold pieces
  1520 | D        | Noticed a demonic crawler
  1520 | D        | Noticed a demonic crawler
  1520 | D        | Noticed a demonic crawler
  1520 | D        | Noticed a demonic crawler
  1522 | D        | Killed a demonic crawler
  1523 | D        | Killed a demonic crawler
  1525 | D        | Killed a demonic crawler
  1532 | D        | Killed a demonic crawler
  1592 | D        | Noticed a lindwurm
  1596 | D        | Killed a lindwurm
  1597 | D        | Reached skill level 5 in Throwing
  1670 | D        | Reached XP level 11. HP: 117/117 MP: 10/10
  1670 | D        | Received a gift from Trog
  1691 | D        | Noticed a 12-headed hydra
  1693 | D        | HP: 4/117 [ten-headed hydra (8)]
  1693 | D        | Mangled by a ten-headed hydra

Illustrated notes

Levels and vault maps discovered:
D:        dungeon_sprint_1 [red_sonja_temple_1, red_sonja_temple_small_1]

Skill      XL: |  1  2  3  4  5  6  7  8  9 10 |
---------------+-------------------------------+-----
Fighting       | 5 6 8 10 11 13 15 17 | 17.4
Axes           | 5 6 8 10 11 13 15 17 | 17.4
Armour         | 4 6 8 9 11 13 15 17 | 17.2
Evocations     | 3 4 6 7 8 |  8.0
Throwing       | 6 |  6.5
Dodging        | |  2.1

Action                     |  1- 3 |  4- 6 |  7- 9 | 10-12 || total
---------------------------+-------+-------+-------+-------++-------
  Melee: Hand axe          |     9 |    16 |    14 |       ||    39
         Headbutt          |     2 |     2 |     7 |     9 ||    20
         War axe           |       |       |    14 |     5 ||    19
         Battleaxe         |       |       |       |    49 ||    49
 Invoke: Berserk           |     2 |     3 |     5 |     4 ||    14
         Brothers in Arms  |       |       |       |     5 ||     5
  Evoke: Wand              |       |       |     5 |       ||     5
    Use: Potion            |       |       |       |     1 ||     1
 Armour: Leather armour    |       |     2 |     6 |     4 ||    12
  Dodge: Dodged            |     2 |     2 |    15 |    30 ||    49
  Block: Other             |       |       |       |    11 ||    11

Table legend: (Time is in decaauts)
 A = Elapsed time spent in this place.
 B = Non-inter-level travel time spent in this place.
 C = Inter-level travel time spent in this place.
 D = Time resting spent in this place.
 E = Time spent auto-exploring this place.
 F = Levels seen in this place.
 G = Mean time per level.
                   A        B        C        D        E       F      G
               +--------+--------+--------+--------+--------+-----+--------+
         Total |   1816 |   1816 |      0 |   1055 |      0 |   1 | 1816.0 |
       Dungeon |   1816 |   1816 |      0 |   1055 |      0 |   1 | 1816.0 |
               +--------+--------+--------+--------+--------+-----+--------+

Top non-repeatable levels by time:
       D: 1816 daAuts
